 Dungeon Crawl Stone Soup version 0.31-a0-360-gb3e1d13bf4 (webtiles) character file.

Game seed: 13444772241105129922

50572 Shard1697 the Carver (level 14, -16/131 (135) HPs)
             Began as an Armataur Gladiator on July 27, 2023.
             Was a Priest of Nemelex Xobeh.
             Demolished by an ettin
             ... wielding a +0 dire flail
              (22 damage)
             ... while paralysed by an orc sorcerer
             ... on level 1 of the Orcish Mines.
             The game lasted 00:22:59 (12875 turns).

Shard1697 the Carver (Armataur Gladiator)          Turns: 12875, Time: 00:22:59

HP:   -16/131 (135) AC: 21    Str: 19    XL:     14   Next: 20%
MP:   19/19         EV:  1    Int: 10    God:    Nemelex Xobeh [***...]
Gold: 844           SH:  0    Dex: 19    Spells: 13/13 levels left

rFire   . . .        a - +4 scimitar (venom)
rCold   . . .        S - +0 kite shield
rNeg    . . .        r - +4 scale mail
rPois   .            c - +2 helmet
rElec   .            t - +0 cloak
rCorr   .            y - +2 pair of gloves {Dex+3}
SInv    .            (no barding)
Will    +....        (no amulet) Stlth
                     f - +4 ring of protection
HPRegen 0.41/turn    w - +5 ring of evasion
MPRegen 0.16/turn

%: roll
@: paralysed, studying Fighting, lightly drained
A: large, rugged brown scales 3, deformed body, armoured tail, roll, long
tongue, awkward tongue
a: Renounce Religion, Draw Escape, Draw Destruction, Draw Summoning, Triple Draw


You were on level 1 of the Orcish Mines.
You worshipped Nemelex Xobeh.
Nemelex Xobeh was most pleased with you.
You visited 3 branches of the dungeon, and saw 14 of its levels.
You visited the Abyss 1 time.
You also visited: Bailey.

You collected 1185 gold pieces.
You spent 341 gold pieces at shops.

Inventory:

Hand Weapons
 a - a +4 scimitar of venom (weapon)
 b - a +2 short sword of electrocution
Missiles
 l - a javelin
 H - a throwing net
Armour
 c - a +2 helmet (worn)
 r - a +4 scale mail (worn)
 t - a +0 cloak (worn)
 v - a scarf of shadows
 y - a +2 pair of gloves of dexterity (worn)
 N - a +2 scale mail of willpower
 S - a +0 kite shield (worn)
 U - a +1 chain mail of fire resistance
Jewellery
 f - a +4 ring of protection (left hand)
 j - a ring of resist corrosion
 w - a +5 ring of evasion (right hand)
 F - a ring of protection from fire
 G - the ring "Nujuw" {Fly rF+ rC- SInv}
   (You found it on level 7 of the Dungeon)

   [ring of flight]

   rF:        It protects you from fire.
   rC:        It makes you vulnerable to cold.
   SInv:      It lets you see invisible.
   Fly:       It grants you flight.
 K - a ring of willpower
Wands
 h - a wand of flame (27)
 A - a wand of quicksilver (2)
 L - a wand of polymorph (13)
 Q - a wand of digging (6)
 T - a wand of iceblast (5)
Scrolls
 g - 2 scrolls of enchant weapon
 i - a scroll of brand weapon
 k - 12 scrolls of teleportation
 m - 2 scrolls of poison
 n - 2 scrolls of fear
 o - a scroll of fog
 s - a scroll of revelation
 x - 2 scrolls of silence
 B - a scroll of immolation
 E - a scroll of blinking
 P - a scroll of summoning
 R - a scroll of amnesia
Potions
 d - a potion of might
 e - 2 potions of curing
 p - a potion of lignification
 q - 2 potions of mutation
 u - 3 potions of brilliance
 z - 3 potions of enlightenment
 C - a potion of degeneration {unknown}
 I - a potion of resistance
 J - a potion of magic
 M - a potion of heal wounds
Miscellaneous
 O - a phial of floods


   Skills:
 + Level 12.9 Fighting
 - Level 14.1 Long Blades
 - Level 1.7 Throwing
 + Level 7.5 Dodging
 * Level 2.7 Shields
 + Level 7.7 Invocations


You had 13 spell levels left.
You didn't know any spells.
Your spell library contained the following spells:

 Spells                   Type           Power      Damage    Failure   Level
 Sting                    Tmut/Pois      0%         1d3       97%         1
 Cigotuvi's Dreadful Rot  Necr/Pois/Air  0%         N/A       99%         2
 Ensorcelled Hibernation  Hex/Ice        0%         N/A       99%         2
 Passwall                 Tmut/Erth      0%         N/A       99%         2
 Poisonous Vapours        Pois/Air       0%         N/A       99%         2
 Mephitic Cloud           Conj/Pois/Air  0%         N/A       100%        3
 Swiftness                Air            0%         N/A       100%        3
 Dispel Undead            Necr           0%         3d6       100%        4
 Olgreb's Toxic Radiance  Pois           0%         N/A       100%        4
 Freezing Cloud           Conj/Ice/Air   0%         6-21      100%        5
 Death Channel            Necr           0%         N/A       100%        6


Dungeon Overview and Level Annotations

Branches:
Dungeon (11/15)            Temple (1/1) D:7            Lair (0/5) D:8
    Orc (2/2) D:9             Elf (0/3) Orc:2        Bailey (visited)

Altars:
Ashenzari
Cheibriados
Dithmenos
Elyvilon
Fedhas
Gozag
Hepliaklqana
Kikubaaqudgha
Makhleb
Nemelex Xobeh
Okawaru
Qazlal
Ru
Sif Muna
Trog
Uskayaw
Vehumet
Wu Jian
Xom
Yredelemnul
Zin
The Shining One
Jiyva

Shops:
D:3 *   D:6 [   D:7 ?(??   D:11 (

Annotations:
D:11 3 runed translucent doors, Hifysh's ghost, journeyman DsGl


Innate Abilities, Weirdness & Mutations

You are completely covered in rugged brown scales. (AC +3, +7% HP)
Armour fits poorly on your strangely shaped body.
You have a long armoured tail.
You roll when moving toward enemies. (Rampage)
Your long tongue fully drains potion bottles. (2x potion effects)
Your tongue gives you trouble enunciating. (1.5x scroll delay)


Message History

An orc sorcerer comes into view. It is wielding a +0 dagger.
There is a stone staircase leading down, spattered with blood here.
You slice the ettin!!
The ettin looks as sick as possible!
You tail-slap the ettin, but do no damage.
The ettin is moderately wounded.
The ettin hits you with a +0 dire flail!!
The ettin hits you but does no damage.
You slash the ettin!
The ettin is heavily wounded.
The ettin hits you with a +0 dire flail.
The ettin misses you.
You hit the ettin but do no damage.
The ettin looks as sick as possible!
The ettin is severely wounded.
You hit the ettin but do no damage.
The ettin looks as sick as possible!
The ettin is severely wounded.
The ettin hits you with a +0 dire flail.
The ettin hits you with a +0 dire flail!
The orc sorcerer casts a spell.
You completely miss the ettin.
The ettin is severely wounded.
The ettin barely misses you. You block the ettin's attack.
You hit the ettin but do no damage.
The ettin looks as sick as possible!
You tail-slap the ettin.
The ettin is severely wounded.
The orc sorcerer casts a spell at you.
You suddenly lose the ability to move!
The ettin hits you with a +0 dire flail!!
The ettin hits you with a +0 dire flail!
You hear a shout!
You hear a shout!
The ettin hits you with a +0 dire flail.
The ettin hits you with a +0 dire flail!!
* * * LOW HITPOINT WARNING * * *
An orc knight comes into view.
It is wielding a +3 battleaxe of electrocution.
The orc sorcerer gestures at you while chanting.
The bolt of negative energy hits you!
You feel drained.
* * * LOW HITPOINT WARNING * * *
The ettin hits you with a +0 dire flail!!
You die...
Your body glows with a rainbow of weird colours and disappears.

.. #. ###
.##.###.##
.o..#...#
#..##.##
##[#...##
###.4.....#
#....oo[.###
##.[..).C..##
#...#.[@[...#
......##.#.....#
.......
###......#
....... ..#..##
....... .#####
....... $# .. .#


You could see an orc knight, an ettin (extremely poisoned), a hellwing
(summoned), an orc sorcerer and an orc warrior.

Vanquished Creatures
  An orc warlord (Bailey)
  2 centaur warriors (D:9)
  3 two-headed ogres
  A skeletal warrior (D:9)
  2 orc knights
  A wizard (D:8)
  Pikel (D:6)
  A deep elf pyromancer (D:9)
  A deep elf zephyrmancer (D:9)
  A cyclops (D:11)
  2 orc sorcerers
  Maurice (D:8)
  An unseen horror (D:11)
  Maggie (D:7)
  A troll (Orc:1)
  2 hornets
  Prince Ribbit (D:6)
  A slime creature (D:9)
  A vampire (D:9)
  A shadow (D:10)
  3 wraiths
  Eustachio (D:6)
  2 wyverns
  A steam dragon (D:9)
  6 yaks
  6 vampire mosquitoes (D:11)
  4 acid dragons
  A warg (Orc:2)
  2 water moccasins
  A sky beast (D:8)
  2 black bears
  3 ice beasts
  24 orc warriors
  2 ogres
  5 centaurs
  4 phantoms
  4 gnoll sergeants
  3 kobold brigands
  3 bullfrogs
  2 scorpions
  6 wights
  5 killer bees (D:7)
  2 howler monkeys
  A crimson imp (D:5)
  3 hounds (D:5)
  8 orc priests
  Crazy Yiuf (D:2)
  A sleepcap (D:5)
  Jessica (D:2)
  4 iguanas
  14 orc wizards
  17 gnolls
  An adder (D:4)
  2 shadow imps
  3 white imps
  2 worms
  A dart slug (D:2)
  65 orcs
  6 ball pythons
  3 endoplasms
  4 giant cockroaches
  18 goblins
  21 hobgoblins
  10 jackals
  6 quokkas
  2 bats
  3 frilled lizards
  22 kobolds
  2 rats
339 creatures vanquished.

Vanquished Creatures (collateral kills)
  A wight (D:7)
  An orc (D:7)
2 creatures vanquished.

Grand Total: 341 creatures vanquished

Notes
Turn   | Place    | Note
-------+----------+-------------------------------------------
     0 | D:1      | Shard1697 the Armataur Gladiator began the quest for the
                  | Orb.
     0 | D:1      | Reached XP level 1. HP: 18/18 MP: 1/1
    64 | D:1      | Found a faded altar of an unknown god.
    68 | D:1      | Reached skill level 3 in Long Blades
   127 | D:1      | Reached XP level 2. HP: 21/25 MP: 2/2
   510 | D:1      | Reached XP level 3. HP: 30/31 MP: 3/3
   868 | D:2      | Reached skill level 4 in Long Blades
   959 | D:2      | Identified the +0 ring mail of Lecesis {rF+ Str+3}
  1129 | D:2      | Noticed Jessica
  1131 | D:2      | Killed Jessica
  1132 | D:2      | Reached XP level 4. HP: 32/38 MP: 4/4
  1400 | D:2      | Found a runed translucent door.
  1401 | D:2      | Noticed Crazy Yiuf
  1623 | D:2      | Killed Crazy Yiuf
  1991 | D:3      | Found Ucsorum's General Store.
  1998 | D:3      | Bought a +0 pair of gloves of dexterity for 149 gold pieces
  2175 | D:3      | Reached skill level 5 in Long Blades
  2181 | D:3      | Reached XP level 5. HP: 30/43 MP: 5/5
  2237 | D:3      | You fall into a shaft and drop 2 floors!
  2237 | D:5      | Entered Level 5 of the Dungeon
  2281 | D:5      | Noticed an acid dragon
  2285 | D:5      | Found an ancient bone altar of Kikubaaqudgha.
  3502 | D:4      | Noticed a phantom
  3509 | D:4      | Killed a phantom
  3510 | D:4      | Reached skill level 6 in Long Blades
  3510 | D:4      | Reached XP level 6. HP: 45/51 MP: 6/6
  3908 | D:5      | Reached XP level 7. HP: 57/60 MP: 7/7
  3980 | D:5      | Reached skill level 7 in Long Blades
  4390 | D:5      | Noticed Eustachio
  4661 | D:6      | Killed Eustachio
  4759 | D:6      | Noticed Prince Ribbit
  4782 | D:6      | Noticed Pikel
  4809 | D:6      | Killed Pikel
  4810 | D:6      | Reached skill level 5 in Fighting
  4810 | D:6      | Reached skill level 8 in Long Blades
  4810 | D:6      | Reached XP level 8. HP: 55/73 MP: 8/8
  4993 | D:6      | Found Lolatuy's Armour Emporium.
  5061 | D:6      | Killed Prince Ribbit
  5141 | D:6      | Reached skill level 9 in Long Blades
  5288 | D:6      | Found a glowing silver altar of Zin.
  5667 | D:7      | Found Nuurem's Magic Scroll Shoppe.
  5674 | D:7      | Bought a scroll of identify for 24 gold pieces
  5682 | D:7      | Bought a scroll of teleportation for 36 gold pieces
  5682 | D:7      | Bought a scroll of teleportation for 36 gold pieces
  5682 | D:7      | Bought a scroll of fear for 48 gold pieces
  5682 | D:7      | Bought a scroll of identify for 24 gold pieces
  5682 | D:7      | Bought a scroll of identify for 24 gold pieces
  5821 | D:7      | Noticed a two-headed ogre
  5838 | D:7      | Killed a two-headed ogre
  5839 | D:7      | Reached XP level 9. HP: 67/84 MP: 9/9
  6065 | D:7      | Found Loghakhu's Magic Scroll Boutique.
  6109 | D:7      | Reached skill level 10 in Long Blades
  6279 | D:7      | Found Emuusk's Weapon Shoppe.
  6282 | D:7      | Identified the ring "Nujuw" {Fly rF+ rC- SInv}
  6297 | D:7      | Noticed Maggie
  6331 | D:7      | Killed Maggie
  6441 | D:7      | Found Betupnoann's Magic Scroll Shoppe.
  6488 | D:7      | Found a staircase to the Ecumenical Temple.
  6504 | Temple   | Entered the Ecumenical Temple
  6529 | Temple   | Became a worshipper of Nemelex Xobeh the Trickster
  6904 | D:7      | Reached XP level 10. HP: 96/96 MP: 10/10
  7015 | D:8      | Reached skill level 1 in Invocations
  7246 | D:8      | Found a staircase to the Lair.
  7324 | D:8      | Found a blossoming altar of Fedhas.
  7667 | D:8      | Reached * piety under Nemelex Xobeh
  7702 | D:8      | Noticed Maurice
  7710 | D:8      | Killed Maurice
  7829 | D:8      | Found a bloodstained altar of Trog.
  7958 | D:9      | Reached skill level 11 in Long Blades
  8046 | D:9      | Noticed a wizard
  8081 | Abyss:2  | Cast into level 2 of the Abyss (a wizard)
  8116 | D:8      | Escaped the Abyss
  8122 | D:8      | Killed a wizard
  8248 | D:9      | Found a flagged portal.
  8263 | Bailey   | Entered a bailey
  8395 | Bailey   | Noticed an orc knight
  8422 | Bailey   | Killed an orc knight
  8423 | Bailey   | Reached skill level 10 in Fighting
  8666 | Bailey   | Reached XP level 11. HP: 99/105 MP: 12/14
  8692 | Bailey   | Identified the +6 arbalest of the Enfolding Gods {flame,
                  | Drain rC+ Str+3 Int+2}
  8729 | Bailey   | Noticed an orc warlord
  8747 | Bailey   | Killed an orc warlord
  8895 | Bailey   | Acquired a manual of Fighting
  8926 | Bailey   | Reached skill level 12 in Long Blades
  8926 | Bailey   | Received a gift from Nemelex Xobeh
  9061 | D:9      | Noticed a deep elf zephyrmancer
  9061 | D:9      | Noticed an orc sorcerer
  9063 | D:9      | Noticed a deep elf pyromancer
  9075 | D:9      | Killed an orc sorcerer
  9077 | D:9      | Killed a deep elf zephyrmancer
  9080 | D:9      | Killed a deep elf pyromancer
  9307 | D:9      | Noticed a centaur warrior
  9315 | D:9      | Killed a centaur warrior
  9454 | D:9      | Reached skill level 5 in Invocations
  9455 | D:9      | Noticed a skeletal warrior
  9488 | D:9      | Killed a skeletal warrior
  9634 | D:9      | Identified the +0 scale mail of Catatonia {Stlth+}
  9752 | D:9      | Noticed a centaur warrior
  9757 | D:9      | Killed a centaur warrior
  9855 | D:9      | Reached ** piety under Nemelex Xobeh
  9859 | D:9      | Noticed a two-headed ogre
  9867 | D:9      | Killed a two-headed ogre
 10169 | D:9      | Found a staircase to the Orcish Mines.
 10331 | D:10     | Entered Level 10 of the Dungeon
 10440 | D:10     | Noticed a two-headed ogre
 10446 | D:10     | Killed a two-headed ogre
 10552 | D:10     | Found a hazy altar of Hepliaklqana.
 10554 | D:10     | Found a shimmering blue altar of Sif Muna.
 11020 | D:10     | Reached skill level 5 in Dodging
 11218 | D:10     | Reached XP level 12. HP: 110/117 MP: 16/16
 11323 | D:10     | Reached skill level 14 in Long Blades
 11323 | D:10     | Reached XP level 13. HP: 127/127 MP: 16/18
 11323 | D:10     | Reached XP level 14. HP: 135/135 MP: 16/19
 11715 | D:11     | Reached skill level 1 in Shields
 11886 | D:11     | Found Laurumuf's Antique Weapon Shop.
 11933 | D:11     | Found a runed translucent gate.
 11935 | D:11     | Found a runed translucent gate.
 11936 | D:11     | Found a runed translucent gate.
 11939 | D:11     | Found a viscous altar of Jiyva.
 11939 | D:11     | Noticed Hifysh's ghost (journeyman DsGl)
 12232 | Orc:1    | Entered Level 1 of the Orcish Mines
 12269 | Orc:1    | Received a gift from Nemelex Xobeh
 12322 | Orc:2    | Entered Level 2 of the Orcish Mines
 12507 | Orc:2    | Found a staircase to the Elven Halls.
 12623 | Orc:2    | Reached *** piety under Nemelex Xobeh
 12873 | Orc:1    | Paralysed by an orc sorcerer for 2 turns
 12875 | Orc:1    | HP: 6/131 [orc sorcerer/bolt of negative energy[an orc
                  | knight] (16)]
 12875 | Orc:1    | Demolished by an ettin

Illustrated notes

Levels and vault maps discovered:
D:1:      scummos_arrival_forest, layout_rooms,
          ebering_ecumenical_altar_abandoned, amcnicky_mini_rare_corridor_liquid
D:2:      layout_basic, uniq_jessica, uniq_crazy_yiuf_cottage
D:3:      layout_basic, serial_shops, shop
D:4:      layout_basic
D:5:      layout_gridville, nicolae_kikubaaqudgha_miasma_corner,
          minmay_fire_ice_demons, uniq_eustachio
D:6:      lemuel_ice_spiral_2, layout_basic, zin_scriptorium, serial_shops,
          nicolae_shop_just_a_little_nook, minmay_misc_feat_secret_circle,
          kennysheep_minor_cross, uniq_pikel, uniq_prince_ribbit1
D:7:      minmay_razor_zed, layout_basic, minmay_temple_entry_overgrown,
          serial_shops, shop, nicolae_shop_bloodbath_and_beyond,
          nicolae_shop_tiny_statue_garden, shop_fountains, uniq_maggie
D:8:      layout_loops_cross, trog_three_pillars_becter,
          fedhas_bush_and_centaur_altar, lair_entry_dummy, uniq_maurice
D:9:      minmay_the_grid_4x2 [minmay_the_grid_empty,
          minmay_the_grid_small_cups, minmay_the_grid_empty,
          minmay_the_grid_dragon_a, minmay_the_grid_gridbox,
          minmay_the_grid_zigzag_pyramid, minmay_the_grid_tri_star,
          minmay_the_grid_prize_shrinking_boxes], layout_long_grid,
          minmay_orc_entry_temple_small, enter_bailey_5
D:10:     layout_loops_corners, chequers_temple_overflow_statue_of_worship
D:11:     layout_loops_cross, serial_shops, nicolae_shop_behind_doors,
          gammafunk_ghost_ooze, nicolae_elevator_lobby_plus
Temple:   lightli_temple_of_artemis
Orc:1:    layout_diamond_mine, special_room [special_room_orc]
Orc:2:    st_orc_elflike, layout_caves, mines2_david, uniq_rupert, uniq_snorg

Skill      XL: |  1  2  3  4  5  6  7  8  9 10 11 12 13 14 |
---------------+-------------------------------------------+-----
Long Blades    | 3 4 5 6 8 9 10 11 12 14 | 14.1
Fighting       | 3 5 7 8 10 11 12 | 12.9
Invocations    | 4 5 7 |  7.7
Dodging        | 5 7 |  7.5
Shields        | 2 |  2.7
Throwing       | |  1.7

Action                     |  1- 3 |  4- 6 |  7- 9 | 10-12 | 13-15 || total
---------------------------+-------+-------+-------+-------+-------++-------
  Melee: Long sword        |    84 |   140 |   159 |       |       ||   383
         Tailslap          |     5 |    15 |    40 |    77 |    39 ||   176
         Punch             |       |     2 |     2 |     6 |     4 ||    14
         Scimitar          |       |       |    74 |   436 |   208 ||   718
         Unarmed           |       |       |       |     7 |       ||     7
  Throw: Throwing net      |       |     2 |     2 |     2 |       ||     6
         Javelin           |       |       |     1 |       |       ||     1
 Invoke: Draw Destruction  |       |       |       |     3 |       ||     3
  Evoke: Wand              |       |       |       |     5 |       ||     5
    Use: Scroll            |       |       |    24 |    10 |       ||    34
         Potion            |       |       |     2 |     5 |       ||     7
   Stab: Sleeping          |     1 |       |       |       |       ||     1
         Held in net/web   |       |       |     1 |       |       ||     1
 Armour: Leather armour    |    18 |       |    81 |       |       ||    99
         Ring mail         |     1 |    59 |    46 |       |       ||   106
         Scale mail        |       |       |     5 |   217 |    94 ||   316
  Dodge: Dodged            |    31 |    47 |   139 |   237 |   136 ||   590
  Block: Kite shield       |       |       |       |       |    92 ||    92

Table legend: (Time is in decaauts)
 A = Elapsed time spent in this place.
 B = Non-inter-level travel time spent in this place.
 C = Inter-level travel time spent in this place.
 D = Time resting spent in this place.
 E = Time spent auto-exploring this place.
 F = Levels seen in this place.
 G = Mean time per level.
                   A        B        C        D        E       F      G
               +--------+--------+--------+--------+--------+-----+--------+
         Total |  12793 |  12332 |    461 |   1212 |   8399 |  16 |  799.6 |
       Dungeon |  11370 |  10942 |    428 |    762 |   8030 |  11 | 1033.6 |
        Temple |     50 |     26 |     24 |      0 |      0 |   1 |   50.0 |
  Orcish Mines |    628 |    619 |      9 |    258 |    184 |   2 |  314.0 |
         Abyss |     25 |     25 |      0 |      0 |      0 |   1 |   25.0 |
        Bailey |    718 |    718 |      0 |    191 |    185 |   1 |  718.0 |
               +--------+--------+--------+--------+--------+-----+--------+

Top non-repeatable levels by time:
     D:9: 1423 daAuts
     D:7: 1280 daAuts
     D:6: 1194 daAuts
     D:2: 1053 daAuts
     D:4: 1019 daAuts
     D:8: 1013 daAuts
     D:5: 1005 daAuts
    D:10: 1000 daAuts
     D:3: 858 daAuts
    D:11: 816 daAuts
  Bailey: 718 daAuts
     D:1: 705 daAuts
   Orc:2: 378 daAuts
   Orc:1: 250 daAuts
  Temple: 50 daAuts
